 Dungeon Crawl Stone Soup version 0.30-a0-883-g5ad918d77d (webtiles) character file.

Game seed: 2081863240550756603

10879 lessens the Nimble (level 12, -1/72 HPs)
             Began as a Kobold Artificer on Mar 16, 2023.
             Was a High Priest of Okawaru.
             Slain by a yak (5 damage)
             ... on level 10 of the Dungeon.
             The game lasted 00:23:02 (12273 turns).

lessens the Nimble (Kobold Artificer)              Turns: 12273, Time: 00:23:02

Health: -1/72      AC: 14    Str:  9    XL:     12   Next: 0%
Magic:  13/15      EV: 24    Int: 13    God:    Okawaru [*****.]
Gold:   579        SH:  0    Dex: 20    Spells: 11/11 levels left

rFire   . . .      SeeInvis .    T - +4 scimitar
rCold   + . .      Faith    .    (no shield)
rNeg    . . .      Spirit   .    Z - +2 ring mail {rPois}
rPois   +          Reflect  .    (no helmet)
rElec   .          Rampage  .    E - +0 cloak
rCorr   .                        V - +2 pair of gloves
Will    +....                    m - +0 pair of boots
Stlth   ++++                     l - amulet of the acrobat
HPRegen 0.32/turn                S - ring of willpower
MPRegen 0.14/turn                L - ring of protection from cold

@: heroic
A: small, no large weapons, nightstalker 3, wild magic 1
a: Renounce Religion, Heroism, Finesse, Duel


You were on level 10 of the Dungeon.
You worshipped Okawaru.
Okawaru was extremely pleased with you.
You visited 1 branch of the dungeon, and saw 10 of its levels.
You also visited: Ossuary.

You collected 579 gold pieces.

Inventory:

Hand Weapons
 e - the +8 flail "Kaiwitt" {flame, Will+ Str+3 Stlth+}
   (You found it on level 5 of the Dungeon)

   Str:       It affects your strength (+3).
   Will:      It increases your willpower.
   Stlth:     It makes you more stealthy.
 T - a +4 scimitar (weapon)
Missiles
 a - 6 boomerangs
 i - 96 stones
 q - 4 curare-tipped darts
 K - 16 poisoned darts
Armour
 m - a +0 pair of boots (worn)
 t - a +0 scale mail
 E - a +0 cloak (worn)
 V - a +2 pair of gloves (worn)
 Z - a +2 ring mail of poison resistance (worn)
Jewellery
 l - an amulet of the acrobat (around neck)
 o - a ring of positive energy
 x - a ring of magical power
 L - a ring of protection from cold (right hand)
 S - a ring of willpower (left hand)
 U - an amulet of guardian spirit
 Y - a +6 ring of strength
Wands
 c - a wand of flame (11)
 d - a wand of charming (14)
 v - a wand of digging (2)
 D - a wand of mindburst (29) (quivered)
 O - a wand of polymorph (10)
Scrolls
 f - 2 scrolls of silence
 g - 2 scrolls of blinking
 h - 5 scrolls of poison
 r - 2 scrolls of teleportation
 u - a scroll of enchant weapon {unknown}
 y - 4 scrolls of fog
 A - 4 scrolls of fear
 G - 2 scrolls of enchant armour {unknown}
 I - 2 scrolls of amnesia
 M - a scroll of summoning {unknown}
 P - a scroll of immolation {unknown}
Potions
 k - a potion of might
 n - 4 potions of curing
 s - 5 potions of attraction
 w - a potion of resistance {unknown}
 B - a potion of mutation
 C - a potion of brilliance {unknown}
 F - 3 potions of magic
 H - 2 potions of berserk rage
 J - 4 potions of haste
 N - a potion of flight {unknown}
 Q - a potion of lignification {unknown}
 W - a potion of ambrosia {unknown}
Miscellaneous
 X - a phial of floods


   Skills:
 - Level 7.2(12.2) Fighting
 - Level 12.0(18.4) Short Blades
 * Level 6.2(13.0) Long Blades
 + Level 1.8(6.8) Armour
 - Level 13.4(18.4) Dodging
 - Level 1.3(6.3) Stealth
 - Level 4.0 Invocations
 - Level 3.6 Evocations


You had 11 spell levels left.
You didn't know any spells.
Your spell library contained the following spells:

 Spells                   Type           Power      Damage    Failure   Level
 Blink                    Tloc           0%         N/A       82%         2
 Lesser Beckoning         Tloc           0%         N/A       82%         2
 Momentum Strike          Conj/Tloc      0%         3d8       82%         2
 Frozen Ramparts          Ice            0%         1d1       95%         3
 Gell's Gravitas          Tloc           0%         N/A       95%         3
 Teleport Other           Tloc           0%         N/A       95%         3
 Ice Form                 Ice/Tmut       0%         N/A       100%        4
 Manifold Assault         Tloc           0%         N/A       100%        4
 Dispersal                Tloc           0%         N/A       100%        6
 Storm Form               Tmut/Air       0%         N/A       100%        7
 Summon Ice Beast         Ice/Summ       Unusable   N/A       N/A         4
 Malign Gateway           Summ/Tloc      Unusable   N/A       N/A         7

Dungeon Overview and Level Annotations

Branches:
Dungeon (10/15) Zot: 23495  Temple (0/1) D:7            Lair (0/5) D:8
Ossuary (visited)
    Orc: D:9-12

Altars:
Ashenzari
Elyvilon
Hepliaklqana
Okawaru
Wu Jian
Yredelemnul

Shops:
D:4 (

Annotations:
D:9 1 runed translucent door


Innate Abilities, Weirdness & Mutations

You are small and have problems with some larger weapons.
You are completely attuned to the shadows.
Your spells are a little harder to cast, but a little more powerful.


Message History

You have reached level 12!
You completely miss the yak. The yak barely misses you.
You hit the yak.
The yak is lightly wounded.
The yak gores you.
You hit the yak but do no damage.
The yak is lightly wounded.
The yak gores you.
You closely miss the yak.
The yak is lightly wounded.
The yak gores you but does no damage.
You hit the yak.
The yak is lightly wounded.
The yak gores you!
You hit the yak.
The yak is moderately wounded.
The yak barely misses you.
You barely miss the yak.
The yak is moderately wounded.
The yak gores you!
You barely miss the yak. You punch the yak, but do no damage.
The yak is moderately wounded.
The yak gores you!
* * * LOW HITPOINT WARNING * * *
You gain the combat prowess of a mighty hero.
The yak closely misses you.
You slash the yak! You punch the yak.
The yak is severely wounded.
The yak gores you.
* * * LOW HITPOINT WARNING * * *
You hit the yak.
The yak is almost dead.
You hit the yak.
The yak is almost dead.
The yak gores you!
* * * LOW HITPOINT WARNING * * *
You barely miss the yak.
The yak is almost dead.
The yak gores you.
You die...

#. #.# #.#######=#
###......<..#
.....##.###.# ### #.#
#######.# #.# #.. .$.##
#...#.###.###.. h.)..#
#....#.........
....#####...###.#......
#.#YYY@....## ##..#....
#.#.#.######..###.#####..
#.....#......#.#.## #..
#.#)......#####.## ###
###.#.. #.# #.### #.# ..
#.# #.#


You could see 3 yaks.

Vanquished Creatures
  3 two-headed ogres
  A harpy (D:9)
  Pikel (D:6)
  An ugly thing (D:9)
  A gargoyle (D:10)
  A kobold demonologist (D:9)
  A troll (D:8)
  2 wyverns (D:9)
  2 shadows
  12 yaks
  Eustachio (D:6)
  A water moccasin (D:7)
  2 orc warriors
  3 ice beasts
  2 black bears (D:5)
  A sky beast (D:7)
  3 wolves (D:8)
  An ogre (D:5)
  3 centaurs (D:9)
  3 kobold brigands
  3 bullfrogs
  3 elf zombies (Ossuary)
  4 scorpions
  18 wights
  5 killer bees (D:9)
  4 howler monkeys
  4 electric eels (D:8)
  8 hounds
  A gnoll bouda (D:7)
  3 jellies
  3 orc priests
  Crazy Yiuf (D:4)
  Natasha (thrice) (D:3)
  An iguana (D:4)
  4 orc wizards
  Terence (D:3)
  3 hound zombies (Ossuary)
  4 mummies (Ossuary)
  5 gnolls (D:7)
  6 adders
  2 shadow imps (D:7)
  2 ufetubi
  3 dart slugs
  7 orcs
  4 bats
  7 endoplasms
  A giant cockroach (D:3)
  6 goblins
  2 hobgoblins
  2 quokkas
  7 ball pythons
  4 frilled lizards (D:2)
  A goblin zombie (Ossuary)
  A jackal zombie (Ossuary)
  12 kobolds
  A kobold zombie (Ossuary)
  3 rats
  3 rat zombies (Ossuary)
197 creatures vanquished.

Vanquished Creatures (collateral kills)
  A quokka (D:1)
1 creature vanquished.

Vanquished Creatures (others)
  A quokka (D:1)
1 creature vanquished.

Grand Total: 199 creatures vanquished

Notes
Turn   | Place    | Note
-------+----------+-------------------------------------------
     0 | D:1      | lessens the Kobold Artificer began the quest for the Orb.
     0 | D:1      | Reached XP level 1. HP: 12/12 MP: 1/1
   152 | D:1      | Reached skill level 1 in Short Blades
   386 | D:1      | Reached XP level 2. HP: 9/16 MP: 2/2
   623 | D:1      | Found a faded altar of an unknown god.
   780 | D:1      | Reached skill level 3 in Dodging
   820 | D:1      | Reached XP level 3. HP: 16/20 MP: 3/3
   825 | D:1      | Gained mutation: Your spells are a little harder to cast,
                  | but a little more powerful. [potion of mutation]
  1833 | D:2      | Reached XP level 4. HP: 25/25 MP: 4/4
  2360 | D:3      | Found an iron altar of Okawaru.
  2366 | D:3      | Became a worshipper of Warmaster Okawaru
  2439 | D:3      | Noticed Terence
  2454 | D:3      | Killed Terence
  2664 | D:3      | Reached XP level 5. HP: 27/29 MP: 5/5
  2871 | D:3      | Noticed Natasha
  2885 | D:3      | Killed Natasha
  2886 | D:3      | Reached skill level 5 in Short Blades
  2886 | D:3      | Reached skill level 4 in Dodging
  2941 | D:3      | Noticed Natasha
  2952 | D:3      | Killed Natasha
  3206 | D:3      | Noticed Natasha
  3224 | D:3      | Killed Natasha
  3369 | D:4      | Reached XP level 6. HP: 28/34 MP: 6/6
  3509 | D:4      | Found Agafasij's Weapon Emporium.
  3740 | D:4      | Reached * piety under Okawaru
  3741 | D:4      | Reached skill level 5 in Dodging
  3767 | D:4      | Reached XP level 7. HP: 12/38 MP: 7/7
  4447 | D:4      | Found a runed translucent door.
  4450 | D:4      | Noticed Crazy Yiuf
  4453 | D:4      | Killed Crazy Yiuf
  4546 | D:5      | Entered Level 5 of the Dungeon
  4555 | D:5      | Reached skill level 6 in Dodging
  4561 | D:5      | Reached ** piety under Okawaru
  4562 | D:5      | Reached XP level 8. HP: 9/43 MP: 8/8
  4692 | D:5      | Identified the +8 flail "Kaiwitt" {flame, Will+ Str+3
                  | Stlth+}
  4963 | D:5      | Found a sand-covered staircase.
  4972 | Ossuary  | Entered an ossuary
  5002 | Ossuary  | Reached skill level 10 in Short Blades
  5099 | Ossuary  | Reached skill level 7 in Dodging
  5589 | D:5      | Reached XP level 9. HP: 47/47 MP: 9/9
  5673 | D:5      | Reached *** piety under Okawaru
  5938 | D:6      | Noticed Eustachio
  5949 | D:6      | Killed Eustachio
  5950 | D:6      | Reached skill level 8 in Dodging
  6209 | D:6      | Got Golubria's Essays on Distance
  6258 | D:6      | Noticed Pikel
  6268 | D:6      | Killed Pikel
  6268 | D:6      | Reached **** piety under Okawaru
  6269 | D:6      | Reached skill level 9 in Dodging
  7058 | D:7      | Found a staircase to the Ecumenical Temple.
  7231 | D:7      | Found a hazy altar of Hepliaklqana.
  7430 | D:7      | Reached XP level 10. HP: 26/53 MP: 11/13
  7949 | D:8      | Reached skill level 10 in Dodging
  8210 | D:8      | You fall into a shaft and drop 2 floors!
  8210 | D:10     | Entered Level 10 of the Dungeon
  8214 | D:10     | Noticed a gargoyle
  8229 | D:10     | Killed a gargoyle
  8315 | D:10     | Noticed a two-headed ogre
  8325 | D:10     | Killed a two-headed ogre
  8326 | D:10     | Reached skill level 5 in Fighting
  8326 | D:10     | Reached skill level 11 in Dodging
  8851 | D:10     | Found a broken altar of Ashenzari.
  9162 | D:9      | Found an ornate altar of the Wu Jian Council.
  9166 | D:9      | Received a gift from Okawaru
  9333 | D:9      | Reached skill level 12 in Dodging
  9500 | D:9      | Noticed a kobold demonologist
  9511 | D:9      | Killed a kobold demonologist
  9512 | D:9      | Reached XP level 11. HP: 65/67 MP: 12/14
  9648 | D:8      | Reached skill level 1 in Long Blades
  9730 | D:8      | Found a staircase to the Lair.
  9897 | D:8      | Noticed a two-headed ogre
  9904 | D:8      | Killed a two-headed ogre
 10671 | D:9      | Reached skill level 13 in Dodging
 10674 | D:9      | Found a runed translucent door.
 10675 | D:9      | Noticed a centaur warrior
 10675 | D:9      | Noticed a manticore
 10677 | D:9      | Noticed an orc knight
 10829 | D:9      | Noticed a green ugly thing
 10852 | D:9      | Noticed a two-headed ogre
 10882 | D:9      | Killed a two-headed ogre
 10931 | D:9      | Reached skill level 5 in Long Blades
 11122 | D:9      | Killed a green ugly thing
 11128 | D:9      | Reached ***** piety under Okawaru
 11281 | D:9      | a hornet changed into a harpy
 11281 | D:9      | Noticed a harpy
 11286 | D:9      | Killed a harpy
 11516 | D:9      | Found a basalt altar of Yredelemnul.
 11686 | D:9      | Reached skill level 1 in Armour
 11898 | D:9      | Found a white marble altar of Elyvilon.
 12261 | D:10     | Reached XP level 12. HP: 51/72 MP: 15/15
 12273 | D:10     | Slain by a yak

Illustrated notes

Levels and vault maps discovered:
D:1:      scummos_arrival_gate, layout_rooms,
          hellmonk_ecumenical_altar_lost_god, due_unseen_surprise
D:2:      layout_basic
D:3:      layout_basic, okawaru_trees_2, corexii_item_surrounded_by_moat,
          uniq_natasha, uniq_terence
D:4:      layout_loops_ring, serial_shops, shop_fountains, nrook_loot_triangle,
          uniq_crazy_yiuf_cottage
D:5:      layout_rooms, lightli_ossuary_entry_decrepit_ruins, serial_curves,
          eino_curves_04, eino_curves_03, eino_curves_01, st_stairs_13
D:6:      layout_cave_pools, uniq_pikel, uniq_eustachio
D:7:      layout_loops_ring, nzn_hepliaklqana_mist_gate,
          minmay_temple_entry_antechambers, hangedman_abyss_or_decor_passed
D:8:      layout_loops_ring, erik_lair_island, nicolae_titane
D:9:      minmay_clustersquares, layout_loops_ring,
          mainiacjoe_overflow_cross_hatched, kennysheep_ying_yang, wad_hexagon
D:10:     layout_loops_ring, ashenzari_conservatory_becter

Skill      XL: |  1  2  3  4  5  6  7  8  9 10 11 |
---------------+----------------------------------+-----
Short Blades   | 1 2 3 4 6 9 11 12 | 12.0
Dodging        | 3 4 5 6 7 9 12 13 | 13.4
Invocations    | 4 |  4.0
Fighting       | 2 7 |  7.2
Long Blades    | 6 |  6.2
Armour         | 1 |  1.8
Stealth        | |  1.3
Evocations     | |  3.6

Action                     |  1- 3 |  4- 6 |  7- 9 | 10-12 || total
---------------------------+-------+-------+-------+-------++-------
  Melee: Club              |   104 |       |       |       ||   104
         Punch             |     5 |     3 |     5 |    10 ||    23
         Short sword       |    38 |    29 |       |       ||    67
         Rapier            |       |   123 |     8 |       ||   131
         Flail             |       |       |   166 |   269 ||   435
         Scimitar          |       |       |       |    41 ||    41
  Throw: Dart              |       |       |       |     9 ||     9
         Stone             |       |       |       |     3 ||     3
 Invoke: Heroism           |       |       |     2 |    13 ||    15
  Evoke: Wand              |     3 |     3 |    11 |    17 ||    34
    Use: Potion            |     1 |     1 |       |     2 ||     4
         Scroll            |       |       |     9 |     4 ||    13
   Stab: Sleeping          |    12 |     8 |    14 |    10 ||    44
         Distracted        |       |       |     1 |     1 ||     2
 Armour: Leather armour    |    45 |    19 |       |       ||    64
         Ring mail         |       |    10 |    49 |    51 ||   110
  Dodge: Dodged            |   107 |   106 |   190 |   374 ||   777

Table legend: (Time is in decaauts)
 A = Elapsed time spent in this place.
 B = Non-inter-level travel time spent in this place.
 C = Inter-level travel time spent in this place.
 D = Time resting spent in this place.
 E = Time spent auto-exploring this place.
 F = Levels seen in this place.
 G = Mean time per level.
                   A        B        C        D        E       F      G
               +--------+--------+--------+--------+--------+-----+--------+
         Total |  12417 |  12004 |    413 |   1153 |   8189 |  11 | 1128.8 |
       Dungeon |  12056 |  11643 |    413 |   1080 |   8083 |  10 | 1205.6 |
       Ossuary |    361 |    361 |      0 |     73 |    106 |   1 |  361.0 |
               +--------+--------+--------+--------+--------+-----+--------+

Top non-repeatable levels by time:
     D:9: 2210 daAuts
     D:8: 1360 daAuts
     D:3: 1293 daAuts
     D:4: 1248 daAuts
     D:1: 1138 daAuts
     D:7: 1102 daAuts
     D:5: 1017 daAuts
     D:2: 992 daAuts
     D:6: 870 daAuts
    D:10: 823 daAuts
 Ossuary: 361 daAuts
